 Dungeon Crawl Stone Soup version 0.28.0-45-g0d030f2227 (webtiles) character file.

Game seed: 2417486096400487666

282 zeratav the Insei (level 6, 0/42 HPs)
             Began as an Octopode Transmuter on Apr 5, 2022.
             Killed from afar by an orc wizard (8 damage)
             ... with a puff of flame
             ... on level 4 of the Dungeon.
             The game lasted 00:06:25 (4127 turns).

zeratav the Insei (Octopode Transmuter)             Turns: 4127, Time: 00:06:26

Health: 0/42       AC:  1    Str: 12    XL:     6   Next: 28%
Magic:  9/9        EV: 14    Int: 15    God:
Gold:   89         SH:  0    Dex: 12    Spells: 8/9 levels left

rFire   . . .      SeeInvis .   g - +3 short sword (speed)
rCold   . . .      Faith    .   (no shield)
rNeg    . . .      Spirit   .   (helmet currently unavailable)
rPois   .          Reflect  .   (no amulet)
rElec   .          Harm     .   (no ring)
rCorr   .          Rampage  .   (no ring)
Will    .....                   (no ring)
Stlth   ++........              (no ring)
HPRegen 0.14/turn               (no ring)
MPRegen 0.11/turn               (no ring)
                                (no ring)
                                (no ring)

@: appendages (expiring)
A: tentacle spike 3, almost no armour, amphibious, 8 rings, camouflage 1,
gelatinous body 1, (nimble swimmer 1), tentacles
a: End Transformation


You were on level 4 of the Dungeon.
One of your tentacles had grown a beastly spike.
You visited 1 branch of the dungeon, and saw 4 of its levels.

You collected 89 gold pieces.

Inventory:

Hand Weapons
 g - a +3 short sword of speed (weapon)
Missiles
 h - 4 javelins
Scrolls
 a - a scroll of fear
 c - a scroll of enchant armour
 d - a scroll of teleportation
Potions
 b - a potion of cancellation {unknown}
 e - a potion of magic
 f - a potion of mutation {unknown}


   Skills:
 * Level 3.5 Fighting
 * Level 3.9 Dodging
 * Level 4.6 Unarmed Combat
 - Level 2.0 Spellcasting
 - Level 2.1 Transmutations


You had 8 spell levels left.
You knew the following spells:

 Your Spells              Type           Power      Damage    Failure   Level
a - Beastly Appendage     Tmut           14%        N/A       10%         1

Your spell library contained the following spells:

 Spells                   Type           Power      Damage    Failure   Level
 Wereblood                Tmut           7%         N/A       14%         2
 Blink                    Tloc           2%         N/A       32%         2
 Spider Form              Tmut/Pois      4%         N/A       41%         3
 Ice Form                 Ice/Tmut       4%         N/A       82%         4
 Manifold Assault         Tloc           1%         N/A       99%         5
 Storm Form               Tmut/Air       2%         N/A       100%        7


Dungeon Overview and Level Annotations

Branches:
Dungeon (4/15)
 Temple: D:4-7

Altars:


Innate Abilities, Weirdness & Mutations

One of your tentacles has grown a beastly spike.
You cannot wear most types of armour.
You are amphibious.
You can wear up to eight rings at the same time.
Your skin changes colour to match your surroundings (Stealth+).
Your rubbery body absorbs attacks. (AC +1, EV +1)
((You are camouflaged when in or above water. (Stealth+)))
You have tentacles for arms and can constrict up to eight enemies at once.


Message History

You barely miss the orc wizard. Your grab misses the orc wizard.
You pierce the orc wizard.
You kill the orc wizard!
Your transformation is almost over.
The orc wizard completely misses you.
The orc wizard casts a spell.
The orc wizard flickers and vanishes!
Deactivating autopickup; reactivate with Ctrl-A.
You closely miss something.
You pierce something.
The orc hits you with a +0 club.
The orc wizard hits you with a +0 dagger.
Something hits you.
You hit the orc wizard. You grab the orc wizard. You squeeze the orc wizard!
The orc wizard is severely wounded.
You constrict the orc wizard. The orc misses you.
The orc wizard hits you with a +0 dagger.
Something hits you.
You puncture the orc wizard!
You kill the orc wizard!
The orc hits you with a +0 club.
You hit the orc. Your grab misses the orc. You squeeze the orc.
The orc is almost dead.
Something hits you but does no damage.
You hit the orc.
You kill the orc!
Something barely misses you.
You hit something. Something hits you.
You barely miss something.
Your tentacle spike misses something.
You squeeze something. You hit something. Something completely misses you.
You puncture something!
Your tentacle spike misses something.
You hear some strange, mumbled words.
A puff of flame appears from out of thin air!
The puff of flame hits you.
* * * LOW HITPOINT WARNING * * *
You closely miss something. Your squeeze misses something.
You hear some strange, mumbled words.
A puff of flame appears from out of thin air!
The puff of flame hits you!
You die...

#......#..+....#
#......#..#....#
........#..#....#
........#..#....#
........#'##....#
........'. #....#
........# #....#
#....#####
#...)@...#
#...){)..#
#####....# #....#
#....# #....#
.....# .....#


There were no monsters in sight!

Vanquished Creatures
  A howler monkey (D:4)
  A hound (D:3)
  2 orc priests (D:3)
  3 orc wizards
  3 adders (D:2)
  2 dart slugs
  7 orcs
  2 endoplasms
  6 goblins
  3 hobgoblins
  5 kobolds
  3 quokkas (D:2)
  4 ball pythons
  6 bats
  2 frilled lizards
  A rat (D:2)
51 creatures vanquished.

Notes
Turn   | Place    | Note
-------+----------+-------------------------------------------
     0 | D:1      | zeratav the Octopode Transmuter began the quest for the
                  | Orb.
     0 | D:1      | Reached XP level 1. HP: 13/13 MP: 3/3
   308 | D:1      | Reached XP level 2. HP: 18/18 MP: 5/5
   970 | D:2      | Reached XP level 3. HP: 12/24 MP: 4/6
  2112 | D:2      | Reached XP level 4. HP: 29/29 MP: 7/7
  2726 | D:3      | Reached skill level 4 in Unarmed Combat
  2726 | D:3      | Reached XP level 5. HP: 25/35 MP: 6/8
  2919 | D:3      | Found a faded altar of an unknown god.
  4000 | D:4      | Reached XP level 6. HP: 38/42 MP: 9/9
  4127 | D:4      | Killed from afar by an orc wizard

Illustrated notes

Levels and vault maps discovered:
D:1:      heliophobic_arrival_henge, layout_loops_ring, nrook_campfire,
          chequers_serial_rivers_micro_c
D:2:      layout_rooms
D:3:      layout_loops_ring, chequers_ecumenical_altar_simple_redux,
          minmay_misc_feat_room
D:4:      layout_gridville, mainiacjoe_overflow_boulevard

Skill      XL: |  1  2  3  4  5 |
---------------+----------------+-----
Fighting       | 2 3 |  3.5
Dodging        | 3 |  3.9
Unarmed Combat | 4 |  4.6
Spellcasting   | |  2.0
Transmutations | |  2.1

Action                   |  1- 3 |  4- 6 || total
-------------------------+-------+-------++-------
Melee: Unarmed           |    58 |       ||    58
       Kick              |    17 |    18 ||    35
       Constrict         |    15 |    15 ||    30
       Tentacles         |     9 |    16 ||    25
       Short sword       |    10 |    62 ||    72
       Trident           |     3 |       ||     3
       Punch             |     2 |       ||     2
 Cast: Beastly Appendage |    24 |    17 ||    41
  Use: Scroll            |       |     8 ||     8
 Stab: Sleeping          |     1 |     1 ||     2
Armor: Skin              |     9 |     5 ||    14
Dodge: Dodged            |    38 |    32 ||    70
